 Dungeon Crawl Stone Soup version 0.29.1-2-gbd0b4ee654 (webtiles) character file.

Game seed: 16977457991210385677

3880 xian the Magician (level 10, -32/68 HPs)
             Began as a Demonspawn Air Elementalist on Nov 22, 2022.
             Was an Initiate of Vehumet.
             Killed from afar by an acid dragon (33 damage)
             ... with a splash of acid
             ... on level 9 of the Dungeon.
             The game lasted 00:22:20 (9137 turns).

xian the Magician (Demonspawn Air Elementalist)     Turns: 9137, Time: 00:22:23

Health: -32/68     AC:  6    Str:  8    XL:     10   Next: 0%
Magic:  19/20      EV: 21    Int: 21    God:    Vehumet [......]
Gold:   221        SH:  0    Dex: 14    Spells: 13/23 levels left

rFire   . . .      SeeInvis .   g - +1 dagger (venom)
rCold   . . .      Faith    .   (no shield)
rNeg    + . .      Spirit   .   f - +2 robe {rN+}
rPois   .          Reflect  .   s - +0 helmet
rElec   .          Harm     .   (no cloak)
rCorr   .          Rampage  .   e - +0 pair of gloves
Will    .....                   (no boots)
Stlth   +++.......              (no amulet)
HPRegen 0.21/turn               q - +4 ring of evasion
MPRegen 0.34/turn               (no ring)

@: no status effects
A: repulsion field 2, ignite blood 1, magic regeneration
a: Renounce Religion


You were on level 9 of the Dungeon.
You worshipped Vehumet.
Vehumet was noncommittal.
You visited 2 branches of the dungeon, and saw 10 of its levels.

You collected 269 gold pieces.
You spent 48 gold pieces at shops.

Inventory:

Hand Weapons
 g - a +1 dagger of venom (weapon)
 D - a +0 dagger of electrocution
Missiles
 o - 2 throwing nets
Armour
 e - a +0 pair of gloves (worn)
 f - a +2 robe of positive energy (worn)
 s - a +0 helmet (worn)
 C - a +1 chain mail of poison resistance
Jewellery
 q - a +4 ring of evasion (left hand)
 v - a ring of poison resistance
 E - a ring of positive energy
Wands
 u - a wand of polymorph (3)
Scrolls
 d - 4 scrolls of teleportation
 h - 2 scrolls of amnesia
 k - a scroll of fear
 n - 2 scrolls of poison
 p - 3 scrolls of magic mapping
 t - a scroll of summoning
 w - 2 scrolls of identify
 x - 2 scrolls of enchant armour {unknown}
 y - a scroll of torment {unknown}
 A - a scroll of immolation {unknown}
Potions
 a - a potion of lignification {unknown}
 b - a potion of magic
 c - a potion of cancellation {unknown}
 i - a potion of might {unknown}
 j - 3 potions of curing
 l - 3 potions of brilliance
 m - 2 potions of mutation {unknown}
 r - a potion of ambrosia
 z - a potion of degeneration {unknown}
 B - a potion of flight {unknown}


   Skills:
 + Level 2.7 Fighting
 + Level 2.3 Short Blades
 + Level 5.7 Dodging
 + Level 4.2 Stealth
 + Level 7.1 Spellcasting
 + Level 5.9 Conjurations
 + Level 6.8 Air Magic


You had 13 spell levels left.
You knew the following spells:

 Your Spells              Type           Power      Damage    Failure   Level
a - Shock                 Conj/Air       100%       1d9       1%          1
b - Static Discharge      Conj/Air       34%        3-8/arc   1%          2
c - Swiftness             Air            36%        N/A       1%          3
d - Airstrike             Air            18%        2d(3-19)  5%          4

Your spell library contained the following spells:

 Spells                   Type           Power      Damage    Failure   Level
 Ensorcelled Hibernation  Hex/Ice        14%        N/A       13%         2
 Inner Flame              Hex/Fire       7%         N/A       26%         3
 Spider Form              Tmut/Pois      7%         N/A       26%         3
 Tukima's Dance           Hex            7%         N/A       26%         3
 Anguish                  Hex/Necr       3%         N/A       65%         4
 Cause Fear               Hex            3%         N/A       65%         4
 Leda's Liquefaction      Hex/Erth       3%         N/A       65%         4
 Passage of Golubria      Tloc           7%         N/A       65%         4
 Lee's Rapid Deconstruct  Erth           3%         3d6*      94%         5
 Yara's Violent Unravell  Hex/Tmut       3%         3d4       94%         5
 Statue Form              Tmut/Erth      4%         N/A       100%        6
 Discord                  Hex            3%         N/A       100%        8


Dungeon Overview and Level Annotations

Branches:
Dungeon (9/15)             Temple (1/1) D:6
   Lair: D:8-11         Orc: D:9-12

Altars:
Ashenzari
Cheibriados
Dithmenos
Fedhas
Gozag
Hepliaklqana
Kikubaaqudgha
Makhleb
Nemelex Xobeh
Okawaru
Qazlal
Ru
Sif Muna
Trog
Vehumet
Wu Jian
Xom
Yredelemnul

Shops:
D:2 ?   D:4 (


Innate Abilities, Weirdness & Mutations

You are surrounded by a moderate repulsion field. (EV +3)
Your demonic aura sometimes causes spilled blood to erupt in flames.
You regenerate magic rapidly.


Message History

A two-headed ogre comes into view.
It is wielding a +0 dire flail and a +0 giant club.
The two-headed ogre shouts in stereo!
The two-headed ogre moves out of view.
Casting: Static Discharge (safe; 1% risk of failure)
Confirm with . or Enter, or press ? or * to list all spells.
The two-headed ogre is struck by an arc of lightning.
The two-headed ogre is lightly wounded.
You are struck by an arc of lightning.
The two-headed ogre is struck by an arc of lightning!
The two-headed ogre is moderately wounded.
You are struck by an arc of lightning.
The two-headed ogre is struck by an arc of lightning!
The two-headed ogre is moderately wounded.
The lightning grounds out.
The two-headed ogre hits you with a +0 dire flail!
The two-headed ogre closely misses you.
Casting: Static Discharge (safe; 1% risk of failure)
Confirm with . or Enter, or press ? or * to list all spells.
The two-headed ogre is struck by an arc of lightning!
The two-headed ogre is heavily wounded.
You are struck by an arc of lightning.
The two-headed ogre is struck by an arc of lightning.
The two-headed ogre is severely wounded.
The lightning grounds out.
An acid dragon comes into view.
The two-headed ogre hits you with a +0 dire flail!!
The two-headed ogre misses you.
Unknown command.
Unknown command.
Casting: Static Discharge (safe; 1% risk of failure)
Confirm with . or Enter, or press ? or * to list all spells.
You don't know that spell.
Unknown command.
The two-headed ogre attacks as you move away!
The two-headed ogre hits you with a +0 dire flail!!
* * * LOW HITPOINT WARNING * * *
The two-headed ogre barely misses you. The acid dragon spits acid at you.
The splash of acid hits you!!
You die...

#......# #..# #....
#......###..######....
#.....................
#.....##########'#....
#..#..# #..<.#....
#..#..# #....#...#
#..#..# #....#...#
#...>.# #....#...#
#...☼@# #....#...#
#....○### ######....
#....O..# ## #####
#.....D.# ...
#.#####.# .... #. #.#
..... #. #.#......
#.'...... #.#......


You could see a two-headed ogre and an acid dragon (catching breath).

Vanquished Creatures
  A two-headed ogre (D:9)
  The ghost of sanboga the Basher, a novice MiMo (D:5)
  Grinder (D:6)
  Sigmund (D:6)
  Eustachio (D:6)
  A steam dragon (D:9)
  A vampire mosquito (D:7)
  Edmund (D:6)
  A water moccasin (D:9)
  2 orc warriors
  2 black bears
  2 ogres
  An ice beast (D:7)
  3 centaurs
  A phantom (D:6)
  2 bullfrogs
  2 scorpions (D:5)
  3 wights (D:9)
  A howler monkey (D:6)
  3 hounds
  2 orc priests
  3 iguanas (D:5)
  7 orc wizards
  4 gnolls (D:5)
  8 adders
  3 white imps
  An ufetubus (D:6)
  A worm (D:3)
  3 dart slugs
  17 orcs
  11 endoplasms
  2 giant cockroaches
  6 goblins
  8 hobgoblins
  3 jackals (D:4)
  6 quokkas
  4 ball pythons
  4 bats (D:1)
  A frilled lizard (D:1)
  3 kobolds
  3 rats
131 creatures vanquished.

Notes
Turn   | Place    | Note
-------+----------+-------------------------------------------
     0 | D:1      | xian the Demonspawn Air Elementalist began the quest for
                  | the Orb.
     0 | D:1      | Reached XP level 1. HP: 13/13 MP: 3/3
   334 | D:1      | Gained mutation: You regenerate magic rapidly. [demonic
                  | ancestry]
   334 | D:1      | Reached XP level 2. HP: 18/19 MP: 0/5
   348 | D:1      | Learned a level 2 spell: Static Discharge
  1508 | D:2      | Found Qupn's Magic Scroll Boutique.
  1520 | D:2      | Bought a scroll of identify for 24 gold pieces
  1520 | D:2      | Bought a scroll of identify for 24 gold pieces
  1555 | D:2      | Reached XP level 3. HP: 24/24 MP: 0/6
  1559 | D:2      | Learned a level 3 spell: Swiftness
  1918 | D:2      | Found a faded altar of an unknown god.
  2218 | D:3      | Gained mutation: Your demonic aura sometimes causes spilled
                  | blood to erupt in flames. [demonic ancestry]
  2218 | D:3      | Reached XP level 4. HP: 12/31 MP: 4/7
  2222 | D:3      | HP: 1/31 [something (3)]
  2633 | D:3      | Reached skill level 3 in Spellcasting
  3094 | D:4      | Reached XP level 5. HP: 23/36 MP: 1/9
  3363 | D:4      | Found Ogoj's Antique Weapon Shop.
  3622 | D:5      | Entered Level 5 of the Dungeon
  3838 | D:5      | Reached skill level 1 in Fighting
  3838 | D:5      | Reached XP level 6. HP: 18/43 MP: 4/11
  4019 | D:5      | Found a snail-covered altar of Cheibriados.
  4019 | D:5      | Found a sparkling altar of Nemelex Xobeh.
  4031 | D:5      | Noticed an orc warrior
  4346 | D:5      | Killed an orc warrior
  4726 | D:5      | Gained mutation: You are surrounded by a mild repulsion
                  | field. (EV +2) [demonic ancestry]
  4726 | D:5      | Reached XP level 7. HP: 48/48 MP: 7/12
  4913 | D:5      | Reached skill level 4 in Spellcasting
  5422 | D:5      | Found a runed translucent door.
  5454 | D:5      | Noticed sanboga's ghost (novice MiMo)
  5667 | D:5      | Killed sanboga's ghost
  5668 | D:5      | Reached skill level 5 in Spellcasting
  5668 | D:5      | Reached skill level 5 in Air Magic
  5668 | D:5      | Reached XP level 8. HP: 10/54 MP: 3/15
  6053 | D:6      | Noticed Eustachio
  6072 | D:6      | Killed Eustachio
  6312 | D:6      | Found an iron altar of Okawaru.
  6452 | D:6      | Noticed Grinder
  6463 | D:6      | Killed Grinder
  6464 | D:6      | Reached skill level 5 in Conjurations
  6679 | D:6      | Found a staircase to the Ecumenical Temple.
  6688 | Temple   | Entered the Ecumenical Temple
  6777 | Temple   | Became a worshipper of Vehumet
  6810 | D:6      | Found a basalt altar of Yredelemnul.
  6834 | D:6      | Noticed Sigmund
  6839 | D:6      | Killed Sigmund
  6840 | D:6      | Reached skill level 6 in Spellcasting
  6840 | D:6      | Gained mutation: You are surrounded by a moderate repulsion
                  | field. (EV +3) [demonic ancestry]
  6840 | D:6      | Reached XP level 9. HP: 45/61 MP: 12/18
  6955 | D:6      | Noticed Edmund
  6978 | D:6      | Killed Edmund
  7513 | D:7      | Reached skill level 1 in Short Blades
  7513 | D:7      | Reached skill level 5 in Dodging
  7800 | D:8      | You fall into a shaft and drop 1 floor!
  8847 | D:9      | Noticed a two-headed ogre
  8860 | D:9      | Killed a two-headed ogre
  8861 | D:9      | Reached skill level 7 in Spellcasting
  8861 | D:9      | Reached XP level 10. HP: 27/68 MP: 7/20
  8867 | D:9      | Learned a level 4 spell: Airstrike
  9127 | D:9      | Noticed a two-headed ogre
  9137 | D:9      | HP: 1/68 [two-headed ogre/+0 dire flail (28)]
  9137 | D:9      | Killed from afar by an acid dragon

Illustrated notes

Levels and vault maps discovered:
D:1:      tarquinn_simple_flora_water_a, layout_basic
D:2:      layout_rooms, shapermc_ecumenical_altar_flowoftime, serial_shops, shop
D:3:      layout_loops_ring
D:4:      layout_rooms, serial_shops, nicolae_shop_behind_doors
D:5:      minmay_evil_eye, layout_loops_ring, nicolae_overflow_two_pavilions,
          gammafunk_ghost_grave
D:6:      layout_rooms, nicolae_overflow_hidden_temple, marbit_many_paths,
          minmay_temple_entry_antechambers, grunt_ministairs_1, uniq_edmund,
          uniq_eustachio, uniq_sigmund, uniq_grinder
D:7:      hangedman_cross_stitches, layout_gridville, minmay_misc_feat_pillars
D:8:      layout_basic, lair_entry_dummy, minmay_misc_feat_four_crosses
D:9:      layout_stronghold, kennysheep_generic_room_15
Temple:   eino_narrow_crystal_temple

Skill      XL: |  1  2  3  4  5  6  7  8  9 |
---------------+----------------------------+-----
Stealth        | 2 3 4 |  4.2
Air Magic      | 3 4 5 6 |  6.8
Dodging        | 2 3 4 5 |  5.7
Conjurations   | 2 3 4 5 |  5.9
Spellcasting   | 3 5 6 7 |  7.1
Fighting       | 1 2 |  2.7
Short Blades   | 2 |  2.3

Action                   |  1- 3 |  4- 6 |  7- 9 | 10-12 || total
-------------------------+-------+-------+-------+-------++-------
Melee: Short sword       |    51 |    50 |     2 |       ||   103
       Dagger            |       |       |   127 |       ||   127
       Punch             |       |       |     2 |       ||     2
 Cast: Shock             |    66 |    49 |    55 |       ||   170
       Static Discharge  |    10 |    37 |    51 |     2 ||   100
       Swiftness         |       |       |     5 |       ||     5
  Use: Scroll            |     6 |     5 |     1 |       ||    12
       Potion            |       |     1 |     4 |       ||     5
 Stab: Sleeping          |       |       |     1 |       ||     1
Armor: Robe              |    16 |    27 |    23 |       ||    66
       Skin              |       |     9 |       |       ||     9
Dodge: Dodged            |    33 |    78 |   184 |     3 ||   298
